[Event "Team 45 45 League T42"]
[Site "Internet Chess Club"]
[Date "2009.08.11"]
[Round "2"]
[White "MikeA"]
[Black "AtomicDog"]
[Result "0-1"]
[WhiteElo "1319"]
[BlackElo "1354"]
[Opening "Sicilian: Alapin's variation (2.c3)"]
[ECO "B22"]
[Time "10:03:43"]
[TimeControl "2700+45"]

1. e4 c5 2. c3 d5 3. exd5 Qxd5 4. d4 Nf6 5. Nf3 e6 6. Be2 cxd4 7. cxd4 Be7 8.
Nc3 Qd8 9. O-O O-O 10. Bf4 a6 11. Rc1 b5 12. a3 Bb7 13. Qc2 Nc6 14. Rcd1 Rc8 15.
Rfe1 Nd5 16. Nxd5 Qxd5 17. Qb1 Rfd8 18. Be3 Na5 19. Rd3 Nc6 20. b4 a5 21. Qb3
Qf5 22. Rdd1 e5 23. Qd3 e4 24. Qb1 axb4 25. axb4 Nxb4 26. Nd2 Nd3 27. Bxd3 exd3
28. f3 Rc2 29. g4 Qd5 30. Qb3 Qxb3 31. Nxb3 Bxf3 32. Rxd3 Rg2+ 33. Kf1 Rxg4 34.
Bf2 Bd6 35. Rde3 Bg2+ 36. Ke2 Bxh2 37. Kd2 Bf4 {White resigns} 0-1

[Event "Team 45 45 League T42"]
[Site "Internet Chess Club"]
[Date "2009.08.06"]
[Round "2"]
[White "jonesey"]
[Black "Ser-Enigma"]
[Result "0-1"]
[WhiteElo "2001"]
[BlackElo "2191"]
[Opening "Anderssen's opening"]
[ECO "A00"]
[Time "14:06:25"]
[TimeControl "2700+45"]

1. a3 d5 2. d4 Nf6 3. Nf3 e6 4. g3 Bd6 5. Bg2 b6 6. O-O Bb7 7. Nbd2 Nbd7 8. e4
Nxe4 9. Nxe4 dxe4 10. Ng5 Nf6 11. Re1 O-O 12. Nxe4 Nxe4 13. Bxe4 Bxe4 14. Rxe4
c5 15. Bf4 Bxf4 16. Rxf4 c4 17. Qh5 f5 18. Rh4 h6 19. Re1 Rf6 20. Qf3 g5 21. Rh5
Rc8 22. h4 g4 23. Qf4 Qc7 24. Re5 Kg7 25. d5 Qf7 26. Rxe6 Rxe6 27. Rxf5 Re1+ 28.
Kh2 Qe8 29. Rf6 Qh5 30. Rf5 Qg6 31. h5 Qe8 32. Qxg4+ Kh7 33. Rf6 Re5 34. Kg2 Rg5
35. Qf3 Qe5 36. d6 Qd5 {White resigns} 0-1

[Event "Team 45 45 League T42"]
[Site "Internet Chess Club"]
[Date "2009.08.07"]
[Round "2"]
[White "Chessrascal"]
[Black "fledermaus"]
[Result "0-1"]
[WhiteElo "2181"]
[BlackElo "1970"]
[Opening "Sicilian: closed, Korchnoi variation"]
[ECO "B23"]
[Time "09:04:11"]
[TimeControl "2700+45"]

1. e4 c5 2. Nc3 e6 3. g3 d5 4. d3 Nf6 5. Bg2 Be7 6. e5 Nfd7 7. f4 Nc6 8. Nf3 O-O
9. O-O Rb8 10. Ne2 f6 11. exf6 Bxf6 12. c3 b6 13. g4 Be7 14. Ng3 Bd6 15. Ng5 Nf6
16. f5 e5 17. Nh5 Ne7 18. Nxf6+ gxf6 19. Nh3 Kh8 20. Qe1 Ng8 21. Bxd5 Be7 22.
Be4 Bb7 23. Bd2 Bxe4 24. Qxe4 Qd6 25. g5 fxg5 26. Bxg5 Bxg5 27. Nxg5 Nf6 28. Qe3
Rg8 29. Kh1 Qd5+ 30. Ne4 Rbd8 31. Rad1 Rd7 32. Qf3 Rdg7 33. a3 Rg4 34. Ng3 Qd7
35. Ne4 Qd5 36. c4 Qc6 37. Ng3 Qxf3+ 38. Rxf3 Rd8 39. Re3 Rxc4 40. Rxe5 Rcd4 41.
Re3 Ng4 42. Re2 c4 43. Kg1 cxd3 44. Re4 Rxe4 45. Nxe4 Ne3 46. Rd2 Nc4 47. Rd1
Nxb2 48. Rb1 d2 49. Nxd2 Rxd2 50. f6 Kg8 51. Rc1 Rd1+ 52. Rxd1 Nxd1 53. Kf1 Kf7
54. Ke2 Nc3+ 55. Kd3 Nb5 56. a4 Nc7 57. Kd4 Kxf6 58. Ke4 a6 59. Kd4 b5 60. a5
Kg5 61. Kc5 Kh4 62. Kb6 b4 63. Kxc7 b3 64. Kb7 b2 65. Kxa6 b1=Q 66. Ka7 Qb5 67.
a6 Kh3 {White resigns} 0-1

[Event "Team 45 45 League T42"]
[Site "Internet Chess Club"]
[Date "2009.08.07"]
[Round "2"]
[White "smitty120"]
[Black "mcplayerus"]
[Result "0-1"]
[WhiteElo "1946"]
[BlackElo "1974"]
[Opening "Sicilian: Taimanov variation"]
[ECO "B46"]
[Time "15:00:08"]
[TimeControl "2700+45"]

1. e4 c5 2. Nf3 Nc6 3. d4 cxd4 4. Nxd4 e6 5. Nc3 a6 6. Be2 Qc7 7. O-O Nf6 8. Be3
Bb4 9. Qd3 Ne5 10. Bf4 Nxd3 11. Bxc7 Nxb2 12. Nd1 Nxd1 13. Raxd1 Nxe4 14. Bf3
Nd2 15. a3 Nxf3+ 16. Nxf3 Bxa3 17. Rfe1 O-O 18. Bd6 Bxd6 19. Rxd6 f6 20. Red1
Ra7 21. Nd4 b5 22. Rd2 Rc7 23. Nb3 Rc4 24. Kf1 Re8 25. f3 Kf8 26. Kf2 Ke7 27. g3
Rxc2 {White resigns} 0-1

[Event "Team 45 45 League T42"]
[Site "Internet Chess Club"]
[Date "2009.08.06"]
[Round "2"]
[White "Kurukshetra"]
[Black "Socraticchess"]
[Result "0-1"]
[WhiteElo "1728"]
[BlackElo "1844"]
[Opening "Rousseau gambit"]
[ECO "C50"]
[Time "19:00:24"]
[TimeControl "2700+45"]

1. e4 e5 2. Nf3 Nc6 3. Bc4 f5 4. d4 fxe4 5. Nxe5 d5 6. Nxc6 bxc6 7. Qh5+ Ke7 8.
Be2 Nf6 9. Qe5+ Kf7 10. O-O Bd6 11. Qg5 Rf8 12. c4 h6 13. Bh5+ Nxh5 14. Qxh5+ g6
15. Qe2 Qh4 16. g3 Qh3 17. Nd2 Kg7 18. c5 Bg4 19. f3 exf3 20. Nxf3 Rae8 21. Qg2
Qxg2+ 22. Kxg2 Re2+ {White resigns} 0-1

[Event "Team 45 45 League T42"]
[Site "Internet Chess Club"]
[Date "2009.08.09"]
[Round "2"]
[White "Knight77"]
[Black "PUUNTUUPPAAJA"]
[Result "1-0"]
[WhiteElo "1944"]
[BlackElo "2157"]
[Opening "Réti opening"]
[ECO "A04"]
[Time "00:33:19"]
[TimeControl "2700+45"]

1. Nf3 d6 2. g3 e5 3. d3 f5 4. Bg2 Nf6 5. O-O Be7 6. Nbd2 O-O 7. e4 Nc6 8. c3
fxe4 9. Qb3+ Kh8 10. Nxe4 d5 11. Nxf6 Bxf6 12. Re1 a5 13. a4 Ra6 14. Be3 d4 15.
cxd4 exd4 16. Bd2 Rb6 17. Qc2 Nb4 18. Bxb4 Rxb4 19. Ne5 c6 20. f4 Bf5 21. Re2
Bxe5 22. Rxe5 Bg6 23. Rae1 Bf7 24. Re7 Qd6 25. Qe2 Kg8 26. Be4 g6 27. Bg2 b5 28.
axb5 Rxb5 29. Ra7 c5 30. Qe7 Qxe7 31. Rexe7 Rxb2 32. Bd5 Rb1+ 33. Kf2 Rb2+ 34.
Ke1 Rb1+ 35. Kd2 Rb2+ 36. Kc1 Rfb8 37. Bxf7+ Kf8 38. Re8+ Rxe8 39. Kxb2 Re2+ 40.
Kb3 Rxh2 41. Kc4 Rh3 42. Kxc5 Rxg3 43. Kxd4 Rg4 44. Ke5 h5 45. f5 gxf5 46. Kf6
{Black resigns} 1-0

[Event "Team 45 45 League T42"]
[Site "Internet Chess Club"]
[Date "2009.08.11"]
[Round "2"]
[White "jahveni"]
[Black "CHESSISTA1"]
[Result "1/2-1/2"]
[WhiteElo "1970"]
[BlackElo "1772"]
[Opening "Sicilian: Nimzovich-Rossolimo attack (without ...d6)"]
[ECO "B30"]
[Time "09:32:04"]
[TimeControl "2700+45"]

1. e4 c5 2. Nf3 Nc6 3. Bb5 e6 4. O-O g6 5. Bxc6 dxc6 6. d3 Bg7 7. Nbd2 Ne7 8.
Nc4 Qc7 9. Rb1 O-O 10. Be3 b6 11. Qd2 Ba6 12. Bf4 Qd8 13. Bh6 Bxc4 14. Bxg7 Kxg7
15. dxc4 Qxd2 16. Nxd2 Rfd8 17. Nf3 Rd6 18. Rfd1 Rad8 19. Rxd6 Rxd6 20. Kf1 f5
21. e5 Rd7 22. Ng5 Rd2 23. Rc1 h6 24. Nxe6+ Kf7 25. Nf4 Rd4 26. Nd3 Rxc4 27. Ke2
Rd4 28. c4 g5 {Game drawn by mutual agreement} 1/2-1/2

[Event "Team 45 45 League T42"]
[Site "Internet Chess Club"]
[Date "2009.08.10"]
[Round "2"]
[White "Kravier"]
[Black "BigH"]
[Result "1-0"]
[WhiteElo "1686"]
[BlackElo "1722"]
[Opening "QGD Slav: Steiner variation"]
[ECO "D16"]
[Time "02:07:32"]
[TimeControl "2700+45"]

1. d4 d5 2. c4 c6 3. Nf3 Nf6 4. Nc3 dxc4 5. a4 Bg4 6. e3 Nbd7 7. Bxc4 Qc7 8. e4
e5 9. Bg5 Bxf3 10. gxf3 Bb4 11. O-O Rd8 12. Qb3 Bd6 13. Bxf7+ Kf8 14. Ne2 exd4
15. Nxd4 Bxh2+ 16. Kh1 Nc5 17. Ne6+ Kxf7 18. Nxc5+ Kg6 19. Ne6 Qe5 20. Nxd8 Qxg5
21. Rg1 Bxg1 22. Rxg1 Rxd8 23. Rxg5+ Kxg5 24. Qxb7 Rd7 25. Qxc6 Kf4 26. Kg2 Rf7
27. Qe6 {Black resigns} 1-0

[Event "Team 45 45 League T42"]
[Site "Internet Chess Club"]
[Date "2009.08.09"]
[Round "2"]
[White "john-beebs"]
[Black "mongmong"]
[Result "1-0"]
[WhiteElo "1510"]
[BlackElo "1558"]
[Opening "French: advance variation"]
[ECO "C02"]
[Time "16:24:16"]
[TimeControl "2700+45"]

1. e4 e6 2. d4 d5 3. e5 c5 4. c3 Nc6 5. Bb5 Bd7 6. Nf3 cxd4 7. cxd4 Nge7 8. Bg5
Qb6 9. O-O h6 10. Be3 a6 11. Bxc6 Nxc6 12. Qd2 Bb4 13. Nc3 Na5 14. b3 Bb5 15.
Rfc1 O-O 16. Bxh6 Bxc3 17. Qg5 g6 18. Qf6 {Black resigns} 1-0

[Event "Team 45 45 League T42"]
[Site "Internet Chess Club"]
[Date "2009.08.11"]
[Round "2"]
[White "reverendjim"]
[Black "MateIn42"]
[Result "1-0"]
[WhiteElo "1357"]
[BlackElo "1365"]
[Opening "Ruy Lopez: Berlin defense, 4.O-O"]
[ECO "C65"]
[Time "20:01:53"]
[TimeControl "2700+45"]

1. e4 e5 2. Nf3 Nc6 3. Bb5 Nf6 4. O-O a6 5. Bxc6 dxc6 6. Nxe5 Bd6 7. d4 O-O 8.
Nc3 Re8 9. Bf4 Bxe5 10. Bxe5 Nxe4 11. Nxe4 f6 12. Nxf6+ gxf6 13. Bg3 Bf5 14. c3
Re7 15. Bh4 Re4 16. Qf3 Rxh4 17. Qxf5 Qd6 18. g3 Rh6 19. Rae1 Kf7 20. Re3 Re8
21. Rfe1 Rxe3 22. Rxe3 Qd5 23. Qxd5+ cxd5 24. f4 c6 25. Kg2 f5 26. Re5 Rf6 27.
Kf3 h5 28. h4 Kg6 29. Re8 b5 30. Ra8 Re6 31. Rxa6 Kf7 32. Kf2 Ke7 33. Ra7+ Kf6
34. a4 Re7 35. Ra6 bxa4 36. Rxc6+ Re6 37. Rxe6+ Kxe6 38. Ke3 Kd6 39. Kd3 Kc6 40.
c4 dxc4+ 41. Kxc4 Kd6 42. d5 Kd7 43. Kb4 a3 44. bxa3 Kd6 45. Kc4 Kc7 46. Kc5 Kd7
47. a4 Kc7 48. a5 Kd7 49. d6 Kc8 50. Kc6 Kd8 51. d7 {Black resigns} 1-0

[Event "Team 45 45 League T42"]
[Site "Internet Chess Club"]
[Date "2009.08.07"]
[Round "2"]
[White "Toalla"]
[Black "Cicero"]
[Result "1-0"]
[WhiteElo "1226"]
[BlackElo "1254"]
[Opening "Scandinavian: Pytel-Wade variation"]
[ECO "B01"]
[Time "15:01:09"]
[TimeControl "2700+45"]

1. e4 d5 2. exd5 Qxd5 3. Nc3 Qd6 4. d4 Nf6 5. h3 a6 6. Nf3 b5 7. Bd3 Bb7 8. O-O
e6 9. Re1 Be7 10. a3 O-O 11. Ne4 Qc6 12. Nxf6+ Bxf6 13. Be4 Qd6 14. Bxb7 Ra7 15.
Be4 Rd8 16. Be3 c6 17. Ne5 Nd7 18. Nxc6 Rc7 19. Nxd8 Bxd8 20. Qf3 Nf6 21. Rad1
Nxe4 22. Qxe4 Re7 23. c3 Bc7 24. g3 Qd8 25. Bf4 Bb6 26. Bg5 f6 27. Bxf6 gxf6 28.
Qg4+ Kh8 29. Rxe6 Rg7 30. Qe4 Rg8 31. Re1 Kg7 32. Re7+ Kh6 33. Rxh7+ Kg5 34. h4#
{Black checkmated} 1-0

[Event "Team 45 45 League T42"]
[Site "Internet Chess Club"]
[Date "2009.08.06"]
[Round "2"]
[White "Rhayder"]
[Black "Newcastler"]
[Result "0-1"]
[WhiteElo "1141"]
[BlackElo "1246"]
[Opening "Sicilian: Anderssen variation"]
[ECO "B41"]
[Time "10:07:01"]
[TimeControl "2700+45"]

1. e4 c5 2. Nf3 e6 3. d4 cxd4 4. Nxd4 Nf6 5. Nc3 Nc6 6. Nxc6 bxc6 7. Bd3 Bb4 8.
O-O Qc7 9. Bd2 Bd6 10. g3 Rb8 11. Rb1 Be7 12. Qf3 Bb7 13. Be3 a6 14. Rfd1 Rd8
15. Na4 c5 16. Nc3 Qc6 17. Bf4 c4 18. Be2 Nxe4 19. Nxe4 Qxe4 20. Re1 Qxf3 21.
Bxf3 Bxf3 22. Re3 Bc6 23. Rd1 Bc5 24. Rc3 d5 25. b3 O-O 26. a3 d4 27. Rxc4 Bb5
28. Rxc5 Rc8 29. Rxc8 Rxc8 30. Rxd4 h6 31. c4 Bc6 32. c5 Kh7 33. Rb4 Rd8 34. Bd6
e5 35. Rb6 Bf3 36. Rxa6 e4 37. b4 e3 38. fxe3 Re8 39. Kf2 Bd5 40. Ra7 Re6 41. b5
Rf6+ 42. Ke2 Bc4+ 43. Kd2 Rf2+ 44. Kc3 Bxb5 45. Kb4 Rb2+ 46. Ka5 Bc6 47. Rxf7
Rb3 48. a4 Ra3 49. Kb6 Bd5 50. c6 Bxf7 51. c7 Be6 52. a5 Rb3+ 53. Ka7 Rxe3 54.
a6 Rd3 55. Kb7 Rb3+ 56. Kc6 Bc8 57. a7 Ra3 58. Kb6 Ra6+ 59. Kc5 Rxa7 60. Kd5 h5
61. Ke5 Ra2 62. h4 Ra5+ 63. Kf4 g6 64. Be7 Rf5+ 65. Ke4 Bb7+ 66. Kd4 Rd5+ 67.
Ke3 Rd7 {White resigns} 0-1

[Event "Team 45 45 League T42"]
[Site "Internet Chess Club"]
[Date "2009.08.09"]
[Round "2"]
[White "GabGag"]
[Black "abescac"]
[Result "1-0"]
[WhiteElo "1974"]
[BlackElo "1522"]
[Opening "Caro-Kann: closed (Breyer) variation"]
[ECO "B10"]
[Time "11:00:25"]
[TimeControl "2700+45"]

1. e4 c6 2. d3 d5 3. Nd2 g6 4. g3 Bg7 5. f4 Nf6 6. Ngf3 Bg4 7. e5 Nfd7 8. h3
Bxf3 9. Qxf3 e6 10. Bg2 h5 11. Nf1 Qb6 12. c3 a5 13. d4 c5 14. Qf2 cxd4 15. cxd4
Nc6 16. Be3 a4 17. g4 hxg4 18. hxg4 Rxh1 19. Bxh1 Bf8 20. O-O-O Na5 21. f5 Rc8+
22. Kb1 gxf5 23. gxf5 Nc4 24. Ka1 a3 25. b3 Nb2 26. Rc1 Rxc1+ 27. Bxc1 Nd3 28.
Qc2 Qxd4+ 29. Kb1 N7c5 30. fxe6 fxe6 31. Bxa3 b6 32. Qg2 Nxe5 33. Qd2 Qd3+ 34.
Qxd3 Nexd3 35. Ne3 Bh6 36. Nc2 Bf4 37. b4 Na4 38. Nd4 e5 39. Nb5 d4 40. Kc2 Kd7
41. Kxd3 Ke6 42. Be4 Bh6 43. Bc6 Kf5 44. Nxd4+ exd4 45. Bxa4 Bg7 46. Bb2 Ke6 47.
Bxd4 Bxd4 48. Kxd4 Kd6 49. Bb5 Ke6 50. a4 Kd6 51. Kc4 Kc7 52. Kd5 Kb7 53. Kd6
Kb8 54. Kc6 Ka7 55. Kc7 {Black resigns} 1-0

[Event "Team 45 45 League T42"]
[Site "Internet Chess Club"]
[Date "2009.08.10"]
[Round "2"]
[White "katabatico"]
[Black "The-Capitalist"]
[Result "1-0"]
[WhiteElo "1405"]
[BlackElo "1295"]
[Opening "Caro-Kann: advance variation"]
[ECO "B12"]
[Time "12:00:18"]
[TimeControl "2700+45"]

1. e4 c6 2. d4 d5 3. e5 Bf5 4. Nf3 e6 5. Be2 Nd7 6. O-O Ne7 7. c3 c5 8. dxc5
Nxc5 9. b4 Nd7 10. Bf4 h6 11. Nbd2 Ng6 12. Bg3 f6 13. Bb5 a6 14. Bxd7+ Qxd7 15.
exf6 gxf6 16. Nd4 Bd6 17. Nxf5 exf5 18. Bxd6 Qxd6 19. Qh5 Kf7 20. Qxf5 Qe6 21.
Qh5 Rae8 22. Nf3 Kg7 23. Rfe1 Qd6 24. Rxe8 Rxe8 25. Nd4 Kh7 26. g3 Re5 27. Qh3
Qe7 28. Nf5 Re1+ 29. Rxe1 Qxe1+ 30. Qf1 Qxf1+ 31. Kxf1 b5 32. f4 h5 33. Ke2 Kg8
34. Kd3 Kf7 35. Kd4 Ke6 36. Ng7+ Kd6 37. Nxh5 Ke6 38. Ng7+ Kd6 39. h4 Ne7 40. h5
Ng8 41. f5 Nh6 42. Ne8+ Ke7 43. Nc7 Nxf5+ 44. Kxd5 Nh6 45. Nxa6 f5 46. Kc6 Kf6
47. Kxb5 Kg5 48. c4 Kxh5 49. c5 Nf7 50. c6 Nd6+ 51. Kc5 Nc8 52. c7 Kg4 53. Kc6
Kxg3 54. Kd7 Nb6+ 55. Kd8 f4 56. c8=Q Nxc8 57. Kxc8 f3 58. Nc5 f2 59. Ne4+ Kf3
60. Nxf2 Kxf2 61. b5 {Black resigns} 1-0

[Event "Team 45 45 League T42"]
[Site "Internet Chess Club"]
[Date "2009.08.11"]
[Round "2"]
[White "kjs110"]
[Black "Visin"]
[Result "0-1"]
[WhiteElo "1100"]
[BlackElo "1207"]
[Opening "Konstantinopolsky opening"]
[ECO "C44"]
[Time "15:00:06"]
[TimeControl "2700+45"]

1. e4 e5 2. Nf3 Nc6 3. g3 Nf6 4. d3 d6 5. Bg2 Be7 6. O-O O-O 7. Nc3 Bg4 8. h3
Bh5 9. g4 Bg6 10. a3 Nd7 11. h4 Bxh4 12. Nxh4 Qxh4 13. f3 Qd8 14. Be3 Nf6 15.
Bg5 h6 16. Bh4 Bh7 17. g5 hxg5 18. Bxg5 Ne7 19. Bxf6 gxf6 20. Kf2 c6 21. Rh1 f5
22. Rh5 fxe4 23. Nxe4 Bxe4 24. dxe4 Ng6 25. Qh1 Kg7 26. Rf5 Rh8 27. Bh3 Qh4+ 28.
Kg2 Nf4+ 29. Rxf4 Qxf4 30. Rg1 Kf6 31. Kf2 Rag8 32. Rd1 Ke7 33. Rd3 Qh4+ 34. Ke2
Qxh3 35. Qd1 Qh2+ 36. Ke3 Qf4+ 37. Ke2 Rg2+ 38. Ke1 Rh1# {White checkmated} 0-1

[Event "Team 45 45 League T42"]
[Site "Internet Chess Club"]
[Date "2009.08.08"]
[Round "2"]
[White "otib2006"]
[Black "furrbrain"]
[Result "0-1"]
[WhiteElo "1185"]
[BlackElo "1184"]
[Opening "Queen's pawn"]
[ECO "A40"]
[Time "06:01:43"]
[TimeControl "2700+45"]

1. d4 e6 2. e3 d5 3. Nf3 c5 4. Bd3 Nc6 5. b3 Nf6 6. Bb2 Bd6 7. Nbd2 O-O 8. O-O
a6 9. Qe2 b5 10. c4 dxc4 11. bxc4 Bb7 12. Rac1 Nb4 13. Bb1 bxc4 14. Nxc4 Bc7 15.
dxc5 Bc6 16. Rfd1 Nbd5 17. e4 Nf4 18. Qe3 Ng4 19. Rxd8 Nxe3 20. Rxf8+ Rxf8 21.
Nxe3 Ne2+ 22. Kf1 Nxc1 23. Bxc1 Bb5+ 24. Kg1 Rd8 25. Bc2 f6 26. a4 Bc6 27. Bb2
Rb8 28. Ba1 Kf7 29. Nd4 Bxa4 30. h3 Bxc2 31. Nexc2 Rb1+ 32. Ne1 Rxe1# {White
checkmated} 0-1

[Event "Team 45 45 League T42"]
[Site "Internet Chess Club"]
[Date "2009.08.08"]
[Round "2"]
[White "oldsj"]
[Black "thefranman"]
[Result "1-0"]
[WhiteElo "1625"]
[BlackElo "1348"]
[Opening "Sicilian: Najdorf, 7...Be7"]
[ECO "B98"]
[Time "18:02:11"]
[TimeControl "2700+45"]

1. e4 c5 2. Nf3 d6 3. d4 cxd4 4. Nxd4 Nf6 5. Nc3 a6 6. Bg5 e6 7. f4 Be7 8. Qf3
O-O 9. O-O-O Qc7 10. g4 Bd7 11. Bxf6 Bxf6 12. g5 Be7 13. f5 Bxg5+ 14. Kb1 Bf6
15. Rg1 Bxd4 16. Rxd4 Nc6 17. Qg3 g6 18. Rxd6 Rac8 19. f6 h5 20. e5 Na5 21. Bd3
Kh7 22. Bxg6+ Kh8 23. Qg5 fxg6 24. Qh6+ Kg8 25. Qg7# {Black checkmated} 1-0

[Event "Team 45 45 League T42"]
[Site "Internet Chess Club"]
[Date "2009.08.06"]
[Round "2"]
[White "Just-Jim"]
[Black "Berkshires"]
[Result "0-1"]
[WhiteElo "1368"]
[BlackElo "1636"]
[Opening "Four knights: Italian variation"]
[ECO "C47"]
[Time "18:32:27"]
[TimeControl "2700+45"]

1. e4 e5 2. Nf3 Nc6 3. Nc3 Nf6 4. Bc4 Be7 5. d3 Na5 6. Bb3 Nxb3 7. cxb3 d5 8.
exd5 Nxd5 9. h3 Qd6 10. O-O O-O 11. Re1 Bf6 12. Ne4 Qe7 13. Nxf6+ Qxf6 14. Rxe5
Qd6 15. d4 Bd7 16. Qe2 Be6 17. a3 Rad8 18. Bg5 Rde8 19. Bh4 Nf4 20. Qe4 Ng6 21.
Ng5 Bd7 22. Rxe8 Rxe8 23. Qc2 h6 24. Nf3 Bc6 25. Bg3 Qd7 26. Ne5 Qd5 27. Nxc6
bxc6 28. Rd1 Re7 29. b4 h5 30. Be5 Nh4 31. f3 Re6 32. Bxc7 Rg6 33. Qe4 Nxf3+ 34.
Qxf3 Qxf3 {White resigns} 0-1

[Event "Team 45 45 League T42"]
[Site "Internet Chess Club"]
[Date "2009.08.07"]
[Round "2"]
[White "beerss"]
[Black "hcarstens"]
[Result "1-0"]
[WhiteElo "1383"]
[BlackElo "1268"]
[Opening "Four knights: Scotch variation"]
[ECO "C44"]
[Time "20:00:08"]
[TimeControl "2700+45"]

1. e4 e5 2. Nf3 Nc6 3. d4 Nf6 4. Nc3 Bb4 5. Bg5 exd4 6. Nxd4 Be7 7. Nxc6 bxc6 8.
Bd3 d5 9. O-O d4 10. Ne2 c5 11. Nf4 Bb7 12. Re1 Qd6 13. Bxf6 Bxf6 14. Nd5 O-O
15. Qh5 Be5 16. Qh4 g6 17. f4 Bg7 18. Bc4 Bxd5 19. exd5 Rab8 20. Bb3 c6 21. Qe7
Qxe7 22. Rxe7 cxd5 23. Bxd5 Rbe8 24. Rxa7 Re2 25. Bb3 Rfe8 26. Bxf7+ Kf8 27.
Bxe8 Kxe8 28. Rxg7 Rxc2 29. Re1+ Kd8 30. Rg8+ Kc7 31. Re7+ Kb6 32. Rb8+ Kc6 33.
Rxh7 d3 34. Rh6 d2 35. Rxg6+ Kd5 36. Rd8+ Kc4 37. Rxd2 Rxd2 38. Rg3 Rxb2 39. h3
Rxa2 40. Rf3 Kd5 41. f5 Ra8 42. f6 Rf8 43. f7 c4 44. h4 Kd4 45. h5 c3 46. Rf1
Kd3 47. h6 c2 48. h7 c1=Q 49. Rxc1 Rxf7 50. h8=Q Ke2 51. Qe5+ Kd2 52. Qe1+ Kd3
53. Rd1+ Kc4 54. Qe6+ Kc3 55. Qxf7 {Black resigns} 1-0

[Event "Team 45 45 League T42"]
[Site "Internet Chess Club"]
[Date "2009.08.10"]
[Round "2"]
[White "theartist"]
[Black "chips"]
[Result "0-1"]
[WhiteElo "1117"]
[BlackElo "1216"]
[Opening "Bogo-Indian defense"]
[ECO "E11"]
[Time "16:00:38"]
[TimeControl "2700+45"]

1. d4 Nf6 2. c4 e6 3. Nf3 Bb4+ 4. Bd2 Bxd2+ 5. Nbxd2 d6 6. e3 Nbd7 7. Bd3 O-O 8.
O-O b6 9. Qc2 Bb7 10. e4 g6 11. Rfe1 Nh5 12. g3 Nhf6 13. Re2 c5 14. d5 e5 15. h3
h5 16. Nh2 Nh7 17. f3 Qg5 18. Kf2 h4 19. g4 Qf4 20. Kg1 Ng5 21. Kh1 Nxh3 22. Rg2
Qg5 23. Rf1 Nf4 24. Rgf2 Kg7 25. Nb3 Nb8 26. Qd2 Na6 27. a3 Nc7 28. Bc2 Ba6 29.
Qc3 b5 30. Nd2 bxc4 31. Nxc4 Bxc4 32. Qxc4 Rfb8 33. b3 Nb5 34. Ra1 Nd4 35. Re1
Nxc2 36. Qxc2 Rb7 37. Rb1 Rab8 38. Qc4 Nh3 39. Rfb2 Qe3 40. Qc2 Qg5 41. Qe2 Nf4
42. Qe3 Nh3 43. Qxg5 Nxg5 44. Kg2 h3+ 45. Kg3 c4 46. b4 a5 47. b5 c3 48. Rc2
Rxb5 49. Rxb5 Rxb5 50. Rxc3 Rc5 51. Rb3 Rc2 52. Re3 Rg2+ 53. Kh4 Kh6 54. Nf1 h2
55. Nxh2 Rxh2+ 56. Kg3 Rb2 57. Rc3 Rb6 58. Rc7 Ra6 59. Rc3 Kg7 60. Re3 Kf6 61.
f4 exf4+ 62. Kxf4 Nh7 63. Kg3 Ke5 64. Rf3 Ng5 65. Rf4 Nxe4+ 66. Kf3 Ng5+ 67. Ke3
Kxd5 68. Rd4+ Ke6 69. Kf4 f6 70. Rd3 Rc6 71. Rd4 Rc5 72. Rd3 Nf7 73. Re3+ Ne5
74. Re4 Rc4 75. Rxc4 Nxc4 76. a4 Nb2 77. g5 Nxa4 {White resigns} 0-1

[Event "Team 45 45 League T42"]
[Site "Internet Chess Club"]
[Date "2009.08.12"]
[Round "2"]
[White "jacknor"]
[Black "frankd"]
[Result "1/2-1/2"]
[WhiteElo "1637"]
[BlackElo "1546"]
[Opening "Pirc: classical, h3 system"]
[ECO "B07"]
[Time "19:01:56"]
[TimeControl "2700+45"]

1. e4 d6 2. d4 Nf6 3. Nc3 g6 4. h3 Bg7 5. Nf3 O-O 6. Be3 a6 7. a4 Nc6 8. Be2 e5
9. dxe5 dxe5 10. Qxd8 Rxd8 11. O-O h6 12. Rfd1 Be6 13. Rxd8+ Rxd8 14. Rd1 Rxd1+
15. Bxd1 Nd7 16. Nd2 Nd4 17. Nd5 Bxd5 18. exd5 Nf5 19. Ba7 Bf8 20. Ne4 b6 21.
Bg4 h5 22. Bxf5 gxf5 23. Ng3 Nc5 24. Nxf5 Nxa4 25. Bb8 Nxb2 26. Bxc7 Na4 27. d6
Nc5 28. Ne7+ Kg7 29. Bxb6 Nd7 30. Bc7 f6 31. Nd5 Kf7 32. Nb4 a5 33. Na6 a4 34.
Nb4 Ke6 35. g4 hxg4 36. hxg4 Bxd6 37. Bxd6 Kxd6 38. Kg2 Kc5 39. Na2 Kc4 40. Kf3
Nc5 41. Ke3 a3 42. f4 exf4+ 43. Kxf4 Na4 44. Kf5 Nc3 45. Nc1 Nd5 46. Na2 Ne3+
47. Kxf6 Nxg4+ 48. Kf5 Ne3+ 49. Ke4 Nxc2 50. Nc1 Kc3 51. Kd5 Kb2 52. Nd3+ Kb1
53. Nc5 a2 54. Nb3 a1=Q 55. Nxa1 {Game drawn because neither player has mating
material} 1/2-1/2

[Event "Team 45 45 League T42"]
[Site "Internet Chess Club"]
[Date "2009.08.09"]
[Round "2"]
[White "cazj"]
[Black "smsxman"]
[Result "1-0"]
[WhiteElo "1319"]
[BlackElo "1493"]
[Opening "Ruy Lopez: old Steinitz defense"]
[ECO "C62"]
[Time "13:02:05"]
[TimeControl "2700+45"]

1. e4 e5 2. Nf3 Nc6 3. Bb5 d6 4. Nc3 Bd7 5. b3 Nf6 6. Bb2 Be7 7. d4 exd4 8. Nxd4
O-O 9. O-O a6 10. Bc4 b5 11. Bd5 Nxd5 12. Nxd5 Nxd4 13. Qxd4 f6 14. f4 c5 15.
Nxe7+ Qxe7 16. Qd3 Be6 17. Rad1 Rad8 18. Rf3 c4 19. Qd4 Bg4 20. Qd5+ Kh8 21. e5
Bxf3 22. exf6 gxf6 23. Qxf3 d5 24. Bd4 Qe4 25. Qxe4 dxe4 26. Bxf6+ Rxf6 27.
Rxd8+ Kg7 28. g3 cxb3 29. axb3 Kg6 30. Re8 Kf5 31. Re5+ Kg4 32. Kg2 h6 33. h3#
{Black checkmated} 1-0

[Event "Team 45 45 League T42"]
[Site "Internet Chess Club"]
[Date "2009.08.11"]
[Round "2"]
[White "orrgroup"]
[Black "dinosaurs01"]
[Result "1-0"]
[WhiteElo "1379"]
[BlackElo "1260"]
[Opening "Ruy Lopez: exchange variation, 5.O-O"]
[ECO "C68"]
[Time "10:01:33"]
[TimeControl "2700+45"]

1. e4 e5 2. Nf3 Nc6 3. Bb5 a6 4. Bxc6 dxc6 5. O-O Bd6 6. h3 Nf6 7. d3 Be6 8. Be3
h6 9. c4 b5 10. c5 Be7 11. b4 Nd7 12. a3 O-O 13. Nbd2 Bf6 14. Qe2 Qe7 15. Rad1
Rad8 16. d4 exd4 17. Bxd4 Bxd4 18. Nxd4 Ne5 19. f4 Rxd4 20. fxe5 Rfd8 21. Qf2
Qg5 22. Nf3 Rxd1 23. Nxg5 Rxf1+ 24. Qxf1 hxg5 25. Qc1 f6 26. exf6 gxf6 27. e5
Bb3 28. Qe3 Bd5 29. exf6 Kf7 30. Qg3 Rc8 31. Qxg5 Rg8 32. Qh5+ Kxf6 33. g4 Rg5
34. Qh6+ Rg6 35. Qf8+ Ke5 36. Qf5+ Kd4 37. Qxg6 Kc3 38. Qg7+ Kb3 39. Qxc7 Kxa3
40. Qa5+ Kb3 41. h4 Kc4 42. h5 Bf3 43. h6 Be4 44. g5 Kb3 45. Kf2 Kc4 46. Ke3 Bd3
47. Kf4 Kd5 48. Qxa6 Bb1 49. Qc8 Bc2 50. Qd8+ Kc4 51. Qd2 Bd3 52. Ke5 Bh7 53.
Kd6 Be4 54. h7 Bxh7 55. Kxc6 Be4+ 56. Kd6 Bf5 57. c6 Be4 58. c7 Bf5 59. Qd5+
Kxb4 60. Qxf5 {Black resigns} 1-0

[Event "Team 45 45 League T42"]
[Site "Internet Chess Club"]
[Date "2009.08.09"]
[Round "2"]
[White "taichichen"]
[Black "DrOMM"]
[Result "1-0"]
[WhiteElo "1203"]
[BlackElo "1291"]
[Opening "Caro-Kann: advance variation"]
[ECO "B12"]
[Time "16:26:51"]
[TimeControl "2700+45"]

1. e4 c6 2. d4 d5 3. e5 Bf5 4. Nf3 e6 5. Nc3 c5 6. Bg5 Be7 7. Bxe7 Qxe7 8. Bb5+
Nc6 9. Qd2 a6 10. Ba4 b5 11. Nxb5 axb5 12. Bxb5 Qb7 13. a4 Ne7 14. dxc5 O-O 15.
Nd4 Nxe5 16. Nxf5 Nxf5 17. O-O Qc7 18. Qf4 Ra7 19. a5 Ng6 20. Qxc7 Rxc7 21. a6
Ra8 22. b4 Nd4 23. Bd3 Ne5 24. b5 Nxb5 25. Bxb5 Rxc5 26. Bd3 Nxd3 27. cxd3 Rc6
28. a7 Rc7 29. Rfb1 Rcc8 30. d4 g6 31. g4 Kg7 32. g5 Rc7 33. f4 Raxa7 34. Rxa7
Rxa7 35. Kg2 Ra4 36. Rd1 f6 37. h4 fxg5 38. hxg5 h6 39. Kg3 hxg5 40. fxg5 Ra7
41. Kf4 Kf7 42. Ke5 Ke7 43. Rh1 Ra2 44. Rh7+ Kf8 45. Kxe6 Rg2 46. Kf6 Rd2 47.
Rh8# {Black checkmated} 1-0